 Dungeon Crawl Stone Soup version 0.28.0-47-ge53b351184 (webtiles) character file.

Game seed: 562004018256584680

5470 pkoi the Martial Artist (level 10, -14/79 HPs)
             Began as a Demigod Gladiator on Apr 27, 2022.
             Demolished by a komodo dragon (16 damage)
             ... on level 9 of the Dungeon.
             The game lasted 00:14:55 (11713 turns).

pkoi the Martial Artist (Demigod Gladiator)        Turns: 11713, Time: 00:14:56

Health: -14/79     AC: 18    Str: 19    XL:     10   Next: 19%
Magic:  13/13      EV: 11    Int: 14    God:
Gold:   516        SH:  5    Dex: 19    Spells: 9/9 levels left

rFire   . . .      SeeInvis .     - Unarmed
rCold   + . .      Faith    .   (no shield)
rNeg    . . .      Spirit   .   u - +0 plate armour
rPois   .          Reflect  +   s - +1 helmet
rElec   .          Harm     .   n - +0 cloak
rCorr   .          Rampage  .   x - +0 pair of gloves
Will    +....      Rnd*Tele +   (no boots)
Stlth   ..........              j - amulet of reflection
HPRegen 0.23/turn               g - +4 ring of evasion
MPRegen 0.13/turn               h - ring of protection from cold

@: no status effects
A: high MP 1, forlorn, divine attributes, hooves 1, teleportitis 1, MP-powered
wands
a: no special abilities


You were on level 9 of the Dungeon.
You visited 2 branches of the dungeon, and saw 11 of its levels.

You collected 516 gold pieces.

Inventory:

Hand Weapons
 b - the +6 hunting sling "Gamnobb" {vorpal, rPois rN+ Will+ Int-2}
   (You found it on level 9 of the Dungeon)

   Any ammunition fired from it inflicts extra damage upon your enemies.
   Int:       It affects your intelligence (-2).
   rPois:     It protects you from poison.
   rN:        It protects you from negative energy.
   Will:      It increases your willpower.
 d - a +1 vorpal dagger
 e - a +0 mace
 D - a +0 hunting sling of flaming
Missiles
 c - 3 throwing nets
 o - 3 javelins (quivered)
 p - 3 curare-tipped darts
 q - 10 poisoned darts
 t - 380 stones
 B - 2 boomerangs of dispersal
 C - 59 sling bullets
Armour
 i - a +0 chain mail
 n - a +0 cloak (worn)
 s - a +1 helmet (worn)
 u - a +0 plate armour (worn)
 x - a +0 pair of gloves (worn)
Jewellery
 g - a +4 ring of evasion (left hand)
 h - a ring of protection from cold (right hand)
 j - an amulet of reflection (around neck)
 E - a ring of resist corrosion
Wands
 y - a wand of paralysis (5)
 A - a wand of flame (6)
Scrolls
 k - 5 scrolls of teleportation
 l - a scroll of fear
 m - a scroll of enchant armour
 v - a scroll of enchant weapon
 w - 2 scrolls of identify
Potions
 a - a potion of invisibility
 f - 3 potions of might
 r - a potion of brilliance
 z - a potion of flight


   Skills:
 - Level 4.2 Fighting
 - Level 1.7 Throwing
 + Level 7.4 Armour
 - Level 3.0 Dodging
 * Level 11.2 Unarmed Combat
 + Level 3.5 Evocations


You had 9 spell levels left.
You didn't know any spells.
Your spell library contained the following spells:

 Spells                   Type           Power      Damage    Failure   Level
 Animate Skeleton         Necr           0%         N/A       100%        1
 Apportation              Tloc           0%         N/A       100%        1
 Summon Small Mammal      Summ           0%         N/A       100%        1
 Vampiric Draining        Necr           0%         2d6       100%        3
 Animate Dead             Necr           0%         N/A       100%        4
 Necromutation            Tmut/Necr      0%         N/A       100%        8


Dungeon Overview and Level Annotations

Branches:
Dungeon (10/15)            Temple (1/1) D:4
   Lair: D:8-11         Orc: D:9-12

Shops:
D:2 ([*(

Annotations:
D:3 Grinder


Innate Abilities, Weirdness & Mutations

You have an increased reservoir of magic. (+10% MP)
You shall have no god before yourself.
Your divine heritage dramatically boosts your attributes as you level up.
You have large cloven feet.
You are occasionally teleported next to monsters.
You expend magic power (3 MP) to strengthen your wands.


Message History

The warg pauses to sniff the ground.
The warg bites you but does no damage. The warg barely misses you.
There is an escape hatch in the ceiling here.
You hear the faint creaking of a very distant portcullis.
The warg bites you but does no damage.
The komodo dragon bites you but does no damage.
A mysterious force pulls you upwards. The hatch slams shut behind you.
Reactivating autopickup.
You block the warg's attack. The komodo dragon bites you.
* * * LOW HITPOINT WARNING * * *
The warg closely misses you.
You hit the warg. You kick the warg.
The warg is lightly wounded.
The warg bites you but does no damage.
Okay, then.
Okay, then.
You hit the warg. You kick the warg, but do no damage.
The warg is moderately wounded.
You block the warg's attack. x2
You hit the warg. Your kick misses the warg.
The warg is heavily wounded.
The warg bites you but does no damage.
You punch the warg! Your kick misses the warg.
The warg is almost dead.
The warg completely misses you.
You barely miss the warg.
The warg is almost dead.
You block the warg's attack.
You punch the warg!
You kill the warg!
You hit the komodo dragon but do no damage.
You kick the komodo dragon. Your punch misses the komodo dragon.
The komodo dragon is lightly wounded.
The komodo dragon bites you!
* * * LOW HITPOINT WARNING * * *
You punch the komodo dragon!
The komodo dragon is moderately wounded.
The komodo dragon bites you!
You die...

..# #...# #..# #..# ..# #...#
#..# #..# ..# #...# #..# #..# ..#
#...# #..# #..# ..# #...# #..#
#..# ..# #...# #..# #..# ..#
#...# #..# #..#
..########...######..#####..#####
...............l@................
#################################


You could see a komodo dragon.

Vanquished Creatures
  A two-headed ogre (D:9)
  Prince Ribbit (D:7)
  Sigmund (D:5)
  A wraith (D:9)
  3 wyverns
  6 yaks (D:9)
  A steam dragon (D:8)
  A warg (D:9)
  An acid dragon (D:9)
  A water moccasin (D:7)
  An ice beast (D:6)
  An orc warrior (D:6)
  3 black bears
  4 necrophages
  2 sky beasts
  An ogre (D:6)
  3 centaurs
  A gnoll sergeant (D:10)
  2 scorpions (D:6)
  12 killer bees
  2 bullfrog zombies (D:6)
  A hound (D:3)
  A gnoll shaman (D:5)
  An orc priest (D:5)
  A bullfrog skeleton (D:6)
  2 centaur skeletons (D:6)
  An iguana (D:6)
  2 orc wizards
  A scorpion zombie (D:5)
  2 howler monkey zombies
  5 adders
  10 gnolls
  A shadow imp (D:6)
  2 white imps
  3 worms
  6 dart slugs
  10 orcs
  5 bats
  4 endoplasms
  2 giant cockroaches (D:1)
  3 goblins
  3 hobgoblins
  5 jackals
  18 kobolds
  8 quokkas
  5 ball pythons
  5 frilled lizards
  6 rats
162 creatures vanquished.

Vanquished Creatures (others)
  A kobold brigand (D:7)
  2 killer bees (D:7)
3 creatures vanquished.

Grand Total: 165 creatures vanquished

Notes
Turn   | Place    | Note
-------+----------+-------------------------------------------
     0 | D:1      | pkoi the Demigod Gladiator began the quest for the Orb.
     0 | D:1      | Reached XP level 1. HP: 17/17 MP: 3/3
   174 | D:1      | Reached skill level 3 in Unarmed Combat
   278 | D:1      | Reached XP level 2. HP: 22/24 MP: 4/4
  1495 | D:2      | Reached XP level 3. HP: 29/29 MP: 5/5
  1525 | D:2      | Found Doempisk's Antique Weapon Shop.
  1539 | D:2      | Reached skill level 4 in Unarmed Combat
  1632 | D:2      | Found Dumaf Lou's Weapon Shop.
  1763 | D:2      | Reached skill level 1 in Armour
  1862 | D:2      | Found Siolyinui's Armour Boutique.
  2118 | D:2      | Found Siynicaq's Assorted Antiques.
  2120 | D:2      | Found Qeit's Weapon Boutique.
  2299 | D:3      | Reached XP level 4. HP: 36/36 MP: 6/6
  2429 | D:3      | Noticed a necrophage
  2442 | D:3      | Killed a necrophage
  2443 | D:3      | Reached skill level 5 in Unarmed Combat
  2443 | D:3      | Reached XP level 5. HP: 26/41 MP: 7/7
  2856 | D:3      | Noticed Grinder
  2891 | D:3      | Paralysed by Grinder for 3 turns
  2897 | D:3      | Paralysed by Grinder for 2 turns
  3257 | D:4      | Noticed a necrophage
  3269 | D:4      | Killed a necrophage
  3287 | D:4      | Noticed a necrophage
  3299 | D:4      | Killed a necrophage
  3300 | D:4      | Reached XP level 6. HP: 41/48 MP: 8/8
  3522 | D:4      | Found a staircase to the Ecumenical Temple.
  3532 | Temple   | Entered the Ecumenical Temple
  4117 | D:5      | Entered Level 5 of the Dungeon
  4117 | D:5      | Noticed Sigmund
  4228 | D:5      | Reached skill level 6 in Unarmed Combat
  4614 | D:5      | Reached XP level 7. HP: 49/55 MP: 9/9
  5557 | D:5      | Killed Sigmund
  5558 | D:5      | Reached skill level 7 in Unarmed Combat
  6428 | D:6      | Reached XP level 8. HP: 58/61 MP: 10/10
  6466 | D:6      | Reached skill level 8 in Unarmed Combat
  6634 | D:6      | Identified the +2 buckler of the Orb Guardian {Fly rC+}
  6954 | D:6      | Reached skill level 5 in Armour
  7885 | D:7      | Gained mutation: You expend magic power (3 MP) to
                  | strengthen your wands. [potion of mutation]
  7885 | D:7      | Gained mutation: You have large cloven feet. [potion of
                  | mutation]
  7885 | D:7      | Gained mutation: You are occasionally teleported next to
                  | monsters. [potion of mutation]
  8345 | D:7      | Noticed Prince Ribbit
  8354 | D:7      | Killed Prince Ribbit
  8355 | D:7      | Reached skill level 9 in Unarmed Combat
  8373 | D:7      | You fall into a shaft and drop 2 floors!
  8511 | D:9      | Reached XP level 9. HP: 54/71 MP: 11/11
  9876 | D:8      | Got the Incunabulum of Sinister Magic
  9990 | D:8      | Reached skill level 10 in Unarmed Combat
 10337 | D:9      | Reached skill level 1 in Evocations
 10342 | D:9      | Identified the +6 hunting sling "Gamnobb" {vorpal, rPois
                  | rN+ Will+ Int-2}
 10729 | D:9      | Noticed a two-headed ogre
 10739 | D:9      | Killed a two-headed ogre
 10740 | D:9      | Reached XP level 10. HP: 69/79 MP: 13/13
 11139 | D:9      | Reached skill level 11 in Unarmed Combat
 11596 | D:10     | Entered Level 10 of the Dungeon
 11712 | D:9      | HP: 2/79 [komodo dragon (15)]
 11713 | D:9      | Demolished by a komodo dragon

Illustrated notes

Levels and vault maps discovered:
D:1:      kennysheep_arrival_seaside, layout_loops_ring,
          ebering_ecumenical_altar_box, nrook_mini_backslash,
          minmay_misc_feat_square
D:2:      layout_basic, serial_shops, shop, nicolae_shop_crystal, shop, shop,
          shop, minmay_misc_feat_doors, chequers_serial_rivers_small_b,
          minmay_tromino_v4_b
D:3:      layout_rooms, uniq_grinder
D:4:      layout_basic, minmay_temple_entry_statues_pillars
D:5:      layout_basic, minitemple, uniq_sigmund
D:6:      layout_basic
D:7:      layout_cave_pods, mainiacjoe_overflow_boulevard, uniq_prince_ribbit1
D:8:      layout_gridville
D:9:      layout_long_grid
D:10:     layout_long_grid, kennysheep_mini, erik_orc_4, enter_bailey_4,
          uniq_grum
Temple:   compressed_dpeg_circular_temple

Skill      XL: |  1  2  3  4  5  6  7  8  9 10 |
---------------+-------------------------------+-----
Unarmed Combat | 3 4 5 6 7 9 10 11 | 11.2
Armour         | 1 2 3 4 5 7 |  7.4
Fighting       | 2 3 4 |  4.2
Dodging        | 3 |  3.0
Evocations     | 3 |  3.5
Throwing       | |  1.7

Action                   |  1- 3 |  4- 6 |  7- 9 | 10-12 || total
-------------------------+-------+-------+-------+-------++-------
Melee: Unarmed           |   191 |   197 |   283 |    42 ||   713
       Punch             |     7 |     4 |    17 |     2 ||    30
       Kick              |       |       |    53 |    14 ||    67
 Fire: Hunting sling     |       |       |   126 |    21 ||   147
  Use: Potion            |     2 |       |     5 |       ||     7
       Scroll            |     4 |     2 |     7 |       ||    13
 Stab: Invisible         |       |       |     2 |       ||     2
Armor: Leather armour    |    16 |       |       |       ||    16
       Chain mail        |    51 |    55 |    76 |       ||   182
       Plate armour      |       |       |    61 |    41 ||   102
Dodge: Dodged            |    85 |    92 |   160 |    62 ||   399
Block: Other             |    13 |    33 |    73 |    19 ||   138
       Reflection        |       |     1 |     4 |       ||     5
